 Dungeon Crawl Stone Soup version 0.30-a0-860-g512cf1e979 (webtiles) character file.

Game seed: 1366894238651481553

112 cforsyth the Magician (level 4, 0/14 (24) HPs)
             Began as a Deep Elf Earth Elementalist on Mar 7, 2023.
             Slain by Terence
             ... wielding a +1 short sword of draining
              (5 damage)
             ... on level 3 of the Dungeon.
             The game lasted 00:03:31 (2599 turns).

cforsyth the Magician (Deep Elf Earth Elementalist) Turns: 2599, Time: 00:03:31

HP:   0/14 (24)     AC:  4    Str:  5    XL:     4   Next: 64%
MP:   8/13          EV: 12    Int: 22    God:
Gold: 145           SH:  0    Dex: 15    Spells: 12/13 levels left

rFire   . . .      SeeInvis .    (no weapon)
rCold   . . .      Faith    .    (no shield)
rNeg    . . .      Spirit   .    a - +0 robe
rPois   .          Reflect  .    s - +0 helmet
rElec   .          Rampage  .    i - +0 cloak
rCorr   .                        (no gloves)
Will    .....                    (no boots)
Stlth   ++                       (no amulet)
HPRegen 0.22/turn                (no ring)
MPRegen 0.13/turn                (no ring)

@: weak-willed, very heavily drained
A: no striking features
a: no special abilities


You were on level 3 of the Dungeon.
You visited 1 branch of the dungeon, and saw 3 of its levels.

You collected 145 gold pieces.

Inventory:

Armour
 a - a +0 robe (worn)
 i - a +0 cloak (worn)
 s - a +0 helmet (worn)
Jewellery
 d - a ring of poison resistance
 f - a ring of resist corrosion
Wands
 p - a wand of roots (11)
Scrolls
 c - 2 scrolls of identify
 l - a scroll of teleportation {unknown}
 v - a scroll of blinking {unknown}
Potions
 b - a potion of magic
 h - a potion of cancellation {unknown}
 j - a potion of mutation
 k - a potion of curing
 n - a potion of heal wounds {unknown}
 q - a potion of brilliance {unknown}
 r - a potion of degeneration {unknown}
 t - a potion of might {unknown}


   Skills:
 - Level 2.4 Dodging
 - Level 2.4 Stealth
 + Level 5.1 Spellcasting
 - Level 1.1 Transmutations
 + Level 4.8 Earth Magic


You had 12 spell levels left.
You knew the following spells:

 Your Spells              Type           Power      Damage    Failure   Level
a - Sandblast             Erth           54%        2d13      1%          1

Your spell library contained the following spells:

 Spells                   Type           Power      Damage    Failure   Level
 Passwall                 Tmut/Erth      15%        N/A       4%          2
 Wereblood                Tmut           10%        N/A       10%         2
 Stone Arrow              Conj/Erth      32%        3d9       11%         3
 Sublimation of Blood     Necr           5%         N/A       16%         2
 Petrify                  Tmut/Erth      18%        N/A       28%         4
 Summon Hydra             Summ           2%         N/A       100%        7


Dungeon Overview and Level Annotations

Branches:
Dungeon (3/15)

Altars:
Hepliaklqana
The Shining One

Annotations:
D:3 Terence


Message History

As you read the scroll labelled BYCHAT ZANWAFA, it crumbles to dust.
Magic quickly surges around you.
It was a scroll of vulnerability.
Terence barely misses you.
As you read the scroll labelled JEUVO MEXEO, it crumbles to dust.
It is a scroll of amnesia.
Really abort (and waste the scroll)?
Okay, then.
Terence hits you with a +1 short sword of draining.
You feel drained.
Casting: Sandblast (safe; 1% risk of failure)
Confirm with . or Enter, or press ? or * to list all spells.
Okay, then.
Attack: -) Nothing wielded
Press: ? - help, Dir - move target, f/p - Terence
Aim: Terence, wielding a +1 short sword of draining and wearing a +0 chain mail (purple smoke, weak-willed, about 35% to evade your hands)
You barely miss Terence.
Terence hits you with a +1 short sword of draining.
* * * LOW HITPOINT WARNING * * *
You feel drained.
Unknown command.
Unknown command.
Okay, then.
Unknown command.
As you read the scroll labelled LEDWIX HEPINY, it crumbles to dust.
It is a scroll of identify.
j - a potion of mutation Terence closely misses you.
As you read the scroll labelled TUSUMUXAID, it crumbles to dust.
You assume a fearsome visage.
Terence looks frightened!
It was a scroll of fear.
Casting: Sandblast (safe; 1% risk of failure)
Confirm with . or Enter, or press ? or * to list all spells.
Aiming: Sandblast (safe; 1% risk of failure)
Press: ? - help, Shift-Dir - straight line, f/p - Terence
Aim: Terence, wielding a +1 short sword of draining and wearing a +0 chain mail (poison gas, fleeing, weak-willed, 87% to hit)
The blast of sand hits Terence but does no damage.
Your attack snaps Terence out of his fear.
Terence is engulfed in poison gas.
Terence is poisoned.
Terence hits you with a +1 short sword of draining.
You die...

#######
###§§○#§#
#§§§○☼@@#
#§#§☼§#§#
#§§ #○#
#§ #§# #
#§# #○#
#§# #§#
#.#


You could see Terence (poisoned, weak-willed).

Vanquished Creatures
  Robin (D:3)
  3 adders
  A worm (D:2)
  A dart slug (D:3)
  5 endoplasms
  3 giant cockroaches
  9 goblins
  7 hobgoblins
  5 jackals
  3 quokkas
  A ball python (D:1)
  9 bats
  3 frilled lizards
  4 kobolds
  7 rats
62 creatures vanquished.

Notes
Turn   | Place    | Note
-------+----------+-------------------------------------------
     0 | D:1      | cforsyth the Deep Elf Earth Elementalist began the quest
                  | for the Orb.
     0 | D:1      | Reached XP level 1. HP: 10/10 MP: 6/6
   264 | D:1      | Reached XP level 2. HP: 15/15 MP: 6/8
  1019 | D:2      | Found a faded altar of an unknown god.
  1062 | D:2      | Reached skill level 4 in Spellcasting
  1062 | D:2      | Reached XP level 3. HP: 19/19 MP: 6/10
  1893 | D:3      | Reached XP level 4. HP: 24/24 MP: 8/12
  2014 | D:3      | Found a glowing golden altar of the Shining One.
  2175 | D:3      | Noticed Robin
  2190 | D:3      | Killed Robin
  2196 | D:3      | Reached skill level 5 in Spellcasting
  2289 | D:3      | Found a hazy altar of Hepliaklqana.
  2583 | D:3      | Noticed Terence
  2599 | D:3      | Slain by Terence

Illustrated notes

Levels and vault maps discovered:
D:1:      dpeg_arrival_arbitrary_a, layout_basic
D:2:      minmay_alternating_diamond, layout_basic,
          chequers_ecumenical_altar_grove
D:3:      layout_basic, lemuel_tele_altar,
          mainiacjoe_overflow_concentric_impassable, uniq_robin, uniq_terence

Skill      XL: |  1  2  3  4 |
---------------+-------------+-----
Spellcasting   | 4 5 |  5.1
Earth Magic    | 4 |  4.8
Dodging        | |  2.4
Stealth        | |  2.4
Transmutations | |  1.1

Action                     |  1- 3 |  4- 6 || total
---------------------------+-------+-------++-------
  Melee: Unarmed           |       |     1 ||     1
   Cast: Sandblast         |    54 |    35 ||    89
    Use: Scroll            |       |     6 ||     6
         Potion            |       |     1 ||     1
 Armour: Robe              |     1 |     2 ||     3
  Dodge: Dodged            |     6 |    10 ||    16

Table legend: (Time is in decaauts)
 A = Elapsed time spent in this place.
 B = Non-inter-level travel time spent in this place.
 C = Inter-level travel time spent in this place.
 D = Time resting spent in this place.
 E = Time spent auto-exploring this place.
 F = Levels seen in this place.
 G = Mean time per level.
                   A        B        C        D        E       F      G
               +--------+--------+--------+--------+--------+-----+--------+
         Total |   2642 |   2551 |     91 |     67 |   2157 |   3 |  880.7 |
       Dungeon |   2642 |   2551 |     91 |     67 |   2157 |   3 |  880.7 |
               +--------+--------+--------+--------+--------+-----+--------+

Top non-repeatable levels by time:
     D:1: 971 daAuts
     D:2: 925 daAuts
     D:3: 746 daAuts
